AoeStats
← old f1sh

Arena

509135817Analyzed
4v4 RM · 7d ago on Sep 25, 2026· 43m 42s· 8 players
Game mode
Random Map
Map size
Large (8 player)
Population
200
Speed
Normal
Resources
Standard
Victory
Conquest
Starting age
Dark Age
Ending age
Imperial Age
RankedLock teamsTeams togetherTeam positionsShared explorationLock speedFull tech treeHidden civsTurbo modeCheats
Victory
Defeat
🇨🇳 Armenians · China
1636
+9
🇩🇪 Cumans · Germany
1458
+15
🇨🇦 Shu · Canada
1439
+16
1417
+16
🇭🇺 Koreans · Hungary
1477
-15
🇭🇺 Saxons · Hungary
1469
-15
🇷🇴 Bengalis · Romania
1447
-14
🇭🇺 Vietnamese · Hungary
1402
-12
GymBeam93
8:40 Loom
10:49 Feudal Age
14:37 Castle Age
13:28 Double-Bit Axe
13:24 Horse Collar
16:01 Bow Saw
21:26 Heavy Plow
22:20 Fletching
25:43 Padded Archer Armor
27:02 Gold Mining
31:08 Wheelbarrow
33:55 Imperial Age
32:03 Bodkin Arrow
33:03 Murder Holes
33:29 Ballistics
33:29 Leather Archer Armor
33:59 Scale Barding Armor
34:27 Hand Cart
34:39 Fortified Wall
35:55 Two-Man Saw
35:18 Chain Barding Armor
35:09 Forging
35:27 Masonry
35:34 Husbandry
35:45 Bloodlines
37:34 Plate Barding Armor
Leto Apor
9:08 Feudal Age
10:38 Loom
13:23 Castle Age
14:43 Wheelbarrow
14:52 Double-Bit Axe
18:59 Sanctity
18:31 Town Watch
21:08 Redemption
25:53 Fervor
29:02 Horse Collar
31:34 Heavy Plow
31:56 Fletching
32:29 Ballistics
32:39 Bodkin Arrow
34:36 Fortified Wall
35:18 Hand Cart
38:59 Imperial Age
39:14 Bow Saw
40:09 Block Printing
42:36 Coinage
44:02 Chemistry
43:03 Bracer
44:18 Conscription
[S3nS3] Gróf
11:11 Feudal Age
12:20 Loom
16:05 Castle Age
14:15 Double-Bit Axe
16:42 Horse Collar
18:10 Wheelbarrow
19:59 Bow Saw
22:59 Heavy Plow
24:06 Gold Mining
31:16 Imperial Age
29:08 Hand Cart
29:16 Fletching
30:30 Gold Shaft Mining
30:24 Eupseong
31:08 Bodkin Arrow
32:58 Conscription
34:28 Chemistry
34:54 Forging
34:44 Scale Mail Armor
36:26 Elite Fire Lancer
41:44 Elite Skirmisher
witcherkiller
5:08 Loom
10:49 Feudal Age
14:52 Castle Age
13:22 Double-Bit Axe
14:22 Horse Collar
16:12 Wheelbarrow
16:43 Bow Saw
25:28 Town Watch
25:48 Heavy Plow
25:54 Squires
26:47 Arson
30:07 Imperial Age
27:33 Gambesons
28:40 Scale Mail Armor
29:14 Hand Cart
29:44 Chain Mail Armor
29:39 Forging
29:56 Gold Mining
30:37 Elite Varangian Guard
31:54 Iron Casting
31:33 Fortified Wall
31:06 Capped Ram
33:07 Hoardings
34:18 Plate Mail Armor
34:39 Conscription
34:34 Masonry
34:05 Treadmill Crane
36:03 Shield Wall
36:09 Shield Wall
37:29 Architecture
38:00 Chemistry
37:21 Ballistics
38:06 Chemistry
37:22 Pikeman
37:22 Man-at-Arms
38:34 Town Patrol
40:51 Fletching
42:01 Bodkin Arrow
42:06 Padded Archer Armor
42:59 Siege Engineers
42:21 Halberdier
43:21 Murder Holes
Ranchy
9:49 Feudal Age
11:43 Loom
14:42 Castle Age
12:53 Double-Bit Axe
15:46 Bow Saw
18:17 Town Watch
22:19 Wheelbarrow
28:21 Imperial Age
25:58 Fletching
26:36 Hand Cart
26:25 Gold Mining
26:19 Horse Collar
26:45 Bodkin Arrow
27:03 Crossbowman
27:44 Padded Archer Armor
28:53 Thumb Ring
29:04 Leather Archer Armor
29:22 Ballistics
29:10 Capped Ram
30:04 Bracer
31:59 Arbalester
35:17 Chemistry
35:44 Siege Engineers
36:14 Elite Skirmisher
38:20 Two-Man Saw
37:21 Heavy Plow
37:58 Gold Shaft Mining
37:13 Stone Mining
38:21 Masonry
38:55 Ring Archer Armor
39:32 Bolt Magazine
39:52 Conscription
39:32 Coiled Serpent Array
40:12 Pikeman
40:52 Squires
Sergeantmilan97
9:05 Feudal Age
9:56 Double-Bit Axe
17:31 Wheelbarrow
19:51 Castle Age
18:36 Gold Mining
18:53 Stone Mining
20:47 Bow Saw
20:25 Horse Collar
21:24 Gold Shaft Mining
21:22 Scale Barding Armor
21:28 Forging
22:07 Bloodlines
23:15 Chain Barding Armor
23:10 Loom
23:56 Hand Cart
24:29 Iron Casting
24:24 Loom
24:25 Town Watch
24:55 Heavy Plow
30:38 Imperial Age
29:05 Steppe Husbandry
30:50 Elite Steppe Lancer
32:08 Plate Barding Armor
33:31 Blast Furnace
33:09 Conscription
36:20 Two-Man Saw
35:58 Crop Rotation
old f1sh
10:08 Feudal Age
13:43 Castle Age
11:51 Double-Bit Axe
13:18 Horse Collar
14:48 Bow Saw
18:43 Wheelbarrow
22:07 Hand Cart
22:04 Loom
23:58 Bow Saw
23:38 Gold Mining
23:54 Heavy Plow
28:02 Imperial Age
25:37 Stone Mining
26:24 Gold Shaft Mining
26:30 Scale Mail Armor
26:40 Forging
27:01 Squires
26:46 Gambesons
26:47 Arson
27:38 Chain Mail Armor
27:55 Loom
29:33 Plate Mail Armor
29:38 Iron Casting
29:23 Capped Ram
31:05 Devotion
32:54 Blast Furnace
33:12 Fereters
34:44 Siege Ram
36:13 Coinage
35:43 Caravan
35:48 Pikeman
36:56 Halberdier
38:52 Guilds
39:12 Banking
40:23 Fletching
41:27 Faith
42:51 Masonry
43:42 Chemistry
V我50%匡扶汉室
10:36 Feudal Age
11:59 Loom
14:59 Castle Age
14:01 Horse Collar
14:22 Double-Bit Axe
46:35 Imperial Age
44:46 Wheelbarrow
Connection lost

Rejoining the realm…

Still unreachable

The connection could not be restored.

Session expired

The server has moved on; the page needs a fresh start.